 Dungeon Crawl Stone Soup version 0.21-a0-641-geef9d7f (webtiles) character file.

483 TheDeThijs the Magician (level 6, -3/48 HPs)
             Began as a Deep Elf Fire Elementalist on Dec 21, 2017.
             Slain by a gnoll (5 damage)
             ... on level 4 of the Dungeon on Dec 30, 2017.
             The game lasted 00:30:13 (3992 turns).

TheDeThijs the Magician (DEFE)                      Turns: 3992, Time: 00:30:13

Health: -3/48      AC: 24    Str:  5    XL:     6   Next: 87%
Magic:  1/17       EV:  2    Int: 22    God:
Gold:   118        SH:  0    Dex: 15    Spells: 5/17 levels left

rFire    . . .     SeeInvis .   f - staff of air
rCold    . . .     Gourm    .   (no shield)
rNeg     + + +     Faith    .   (armour currently unavailable)
rPois    +         Spirit   .   (helmet currently unavailable)
rElec    +         Reflect  .   (cloak currently unavailable)
rCorr    .         Harm     .   (gloves currently unavailable)
MR       .....     NoTele   +   (boots currently unavailable)
Stlth    ++........             (no amulet)
HPRegen  0.16/turn              k - +1 ring of protection
MPRegen  0.15/turn              p - ring of poison resistance

@: tree-form (expiring)
A: no striking features
a: no special abilities


You were on level 4 of the Dungeon.
You were not hungry.
You were a tree.
You visited 1 branch of the dungeon, and saw 4 of its levels.

You collected 118 gold pieces.

Inventory:

Armour
 a - a +1 robe (melded)
 i - a +0 pair of gloves (melded)
Magical Staves
 f - an uncursed staff of air (weapon)
Jewellery
 k - a +1 ring of protection (left branch)
 p - a ring of poison resistance (right branch)
Wands
 j - a wand of paralysis (10)
Scrolls
 e - 2 scrolls of enchant weapon
 g - a scroll of teleportation
 m - 3 scrolls of identify
 o - a scroll of remove curse
 q - a scroll of enchant armour
Potions
 d - 2 potions of brilliance
Books
 b - a book of Flames

   Spells                             Type                      Level
   a - Flame Tongue                   Conjuration/Fire             1
   b - Throw Flame                    Conjuration/Fire             2
   c - Conjure Flame                  Conjuration/Fire             3
   d - Inner Flame                    Hexes/Fire                   3
   e - Sticky Flame                   Conjuration/Fire             4
   f - Fireball                       Conjuration/Fire             5
Comestibles
 c - 5 rations


   Skills:
 + Level 3.2 Dodging
 + Level 3.1 Stealth
 + Level 6.3 Spellcasting
 + Level 3.3 Conjurations
 + Level 5.7 Fire Magic


You had 5 spell levels left.
You knew the following spells:

 Your Spells              Type           Power        Failure   Level  Hunger
a - Flame Tongue          Conj/Fire      ####.        1%          1    None
b - Throw Flame           Conj/Fire      ####..       1%          2    None
c - Fireball              Conj/Fire      ####......   36%         5    #####..
d - Sticky Flame          Conj/Fire      ####....     14%         4    ###....


Dungeon Overview and Level Annotations

Branches:
Dungeon (4/15)
 Temple: D:4-7

Altars:
Cheibriados
Makhleb
Xom

Annotations:
D:4 Gorglomux's ghost, amateur DrAM


Message History

Gorglomux's ghost is moderately damaged.
Gorglomux's ghost hits you but does no damage.
The crimson imp blinks!
Casting: Flame Tongue
Confirm with . or Enter, or press ? or * to list all spells.
You don't have enough magic to cast that spell.
Unknown command.
Casting: Flame Tongue
Confirm with . or Enter, or press ? or * to list all spells.
You don't have enough magic to cast that spell.
Unknown command.
Casting: Flame Tongue
Confirm with . or Enter, or press ? or * to list all spells.
You don't have enough magic to cast that spell.
Unknown command.
There are monsters nearby!
There are monsters nearby!
Gorglomux's ghost hits you but does no damage.
The gnoll hits you.
You die...

........## ##
........# ###.
.......## ##...
....... ##..).
####### #.....
#.#.#. ##....
≈≈≈≈≈§### ###..
.....§g§# ##.
#♣# ##. #W# #..
#w## #.. ##.#
##.. #.## ##...
##.## ##W.#.
#..# ##.....
##.## ##....#.
#..#####.......


You could see a worm, Gorglomux's ghost and a gnoll.

Vanquished Creatures
  Sigmund (D:2)
  A crimson imp (D:3)
  A centaur skeleton (D:4)
  2 orc wizards (D:4)
  8 gnolls
  5 adders
  A howler monkey skeleton (D:4)
  An adder skeleton (D:4)
  A worm (D:2)
  A dart slug (D:1)
  4 leopard geckos
  6 orcs
  4 giant cockroaches
  5 goblins
  3 hobgoblins
  2 jackals (D:1)
  6 kobolds
  3 quokkas
  A ball python (D:2)
  7 bats
  A frilled lizard (D:2)
  4 rats
68 creatures vanquished.

Notes
Turn   | Place    | Note
-------+----------+-------------------------------------------
     0 | D:1      | TheDeThijs the Deep Elf Fire Elementalist began the quest for the Orb.
     0 | D:1      | Reached XP level 1. HP: 10/10 MP: 6/6
   219 | D:1      | Reached XP level 2. HP: 15/15 MP: 2/8
   287 | D:1      | Learned a level 2 spell: Throw Flame
   378 | D:1      | Upgraded the game from 0.21-a0-584-g185da8e to 0.21-a0-641-geef9d7f
   744 | D:2      | Reached XP level 3. HP: 19/19 MP: 4/9
   896 | D:2      | Noticed Sigmund
  1243 | D:2      | Reached XP level 4. HP: 24/24 MP: 1/11
  1522 | D:2      | You fall through a shaft for 2 floors!
  1666 | D:4      | Reached skill level 4 in Spellcasting
  1673 | D:3      | Found a snail-covered altar of Cheibriados.
  1814 | D:2      | Killed Sigmund
  1814 | D:2      | Reached skill level 5 in Spellcasting
  1814 | D:2      | Reached skill level 5 in Fire Magic
  1814 | D:2      | Reached XP level 5. HP: 28/28 MP: 3/15
  1814 | D:2      | Reached XP level 6. HP: 32/32 MP: 3/16
  1979 | D:3      | Learned a level 5 spell: Fireball
  1985 | D:3      | Learned a level 4 spell: Sticky Flame
  3065 | D:3      | Reached skill level 6 in Spellcasting
  3359 | D:3      | Found a shimmering altar of Xom.
  3359 | D:3      | Found a burning altar of Makhleb.
  3718 | D:4      | Noticed Gorglomux's ghost (amateur DrAM)
  3988 | D:4      | HP: 1/48 [Gorglomux's ghost (4)]
  3992 | D:4      | Slain by a gnoll

Vault maps used:
D:1:      dpeg_arrival_central
D:2:      minmay_pentomino_s2, uniq_sigmund
D:3:      minmay_door_path, grunt_temple_overflow_champion_of_chaos,
          cheibriados_altar_1, first_ration
D:4:      okawaru_altar_gauntlet_db, serial_shops, shop, hangedman_decor_points,
          nemelex_spade_bored_becter

Skill      XL: |  1  2  3  4  5  6 |
---------------+-------------------+-----
Fire Magic     | 4 5 |  5.7
Spellcasting   | 5 6 |  6.3
Conjurations   | 2 3 |  3.3
Dodging        | 3 |  3.2
Stealth        | 3 |  3.1

Action                   |  1- 3 |  4- 6 || total
-------------------------+-------+-------++-------
Melee: Staff             |       |    45 ||    45
 Cast: Flame Tongue      |    21 |    61 ||    82
       Throw Flame       |    24 |    54 ||    78
       Sticky Flame      |       |     1 ||     1
Evoke: Wand              |       |     1 ||     1
  Use: Scroll            |       |    14 ||    14
       Potion            |       |     2 ||     2
 Stab: Invisible         |       |     1 ||     1
  Eat: Chunk             |     1 |     1 ||     2
       Ration            |       |     3 ||     3
Armor: Robe              |       |    16 ||    16
       Skin              |       |    61 ||    61
Dodge: Dodged            |     5 |    45 ||    50

Table legend:
 A = Spawn XP
 B = Non-spawn XP
 C = Spawn XP percentage of total XP
 D = Spawn monster count
 E = Non-spawn monster count
 F = Spawn count percentage of total count
 G = Total turns spent on level
                    A         B        C        D         E        F      G
               +---------+---------+-------+---------+---------+-------+---------
         Total |       0 |     690 |   0.0 |       0 |      68 |   0.0 |  3992
               +---------+---------+-------+---------+---------+-------+---------
           D:1 |       0 |      23 |   0.0 |       0 |      11 |   0.0 |  1127
           D:2 |       0 |     351 |   0.0 |       0 |      24 |   0.0 |  1422
           D:3 |       0 |     154 |   0.0 |       0 |      22 |   0.0 |   922
           D:4 |       0 |     162 |   0.0 |       0 |      11 |   0.0 |   521
               +---------+---------+-------+---------+---------+-------+---------
